 Dungeon Crawl Stone Soup version 0.18-a0-486-gab6c0bd (webtiles) character file.

4332 benitares the Frost Mage (level 10, -2/56 HPs)
             Began as an Octopode Ice Elementalist on Dec 2, 2015.
             Was a Priest of Vehumet.
             Slain by a warg (11 damage)
             ... on level 8 of the Dungeon.
             The game lasted 00:54:42 (15663 turns).

benitares the Frost Mage (OpIE)                    Turns: 15663, Time: 00:54:42

Health: -2/56      AC:  2    Str:  7    XL:     10   Next: 33%
Magic:  1/19       EV: 12    Int: 20    God:    Vehumet [***...]
Gold:   640        SH:  0    Dex: 14    Spells: 4 memorised, 10 levels left

rFire  . . .     SeeInvis +     r - staff of cold
rCold  + . .     Clarity  .     (no shield)
rNeg   + . .     SustAt   .     (helmet restricted)
rPois  +         Gourm    .     e - amulet of regeneration
rElec  .         Spirit   .     i - ring of see invisible
rCorr  .         Dismiss  .     n - ring of positive energy
rMut   .         Stasis   .     g - ring of poison resistance
MR     .....                    t - +1 ring of protection
Stlth  +++.......               w - +1 ring of slaying
                                (no ring)
                                (no ring)
                                (no ring)

@: not resistant to hostile enchantments, fairly stealthy
A: almost no armour, amphibious, 8 rings, constrict 8, camouflage 1, gelatinous
body 1
a: Renounce Religion


You were on level 8 of the Dungeon.
You worshipped Vehumet.
Vehumet was most pleased with you.
You were hungry.

You visited 1 branch of the dungeon, and saw 8 of its levels.
You also visited: Sewer.

You collected 640 gold pieces.

Inventory:

Magical Staves
 r - an uncursed staff of cold (weapon)
 E - an uncursed staff of wizardry
Jewellery
 e - an amulet of regeneration (around mantle)
 g - a ring of poison resistance (on tentacle)
 i - a ring of see invisible (left tentacle)
 n - a ring of positive energy (right tentacle)
 t - a +1 ring of protection (on tentacle)
 w - a +1 ring of slaying (on tentacle)
 C - an uncursed amulet of clarity
Wands
 H - a wand of polymorph (9)
 L - a wand of fireball (10)
 N - a wand of random effects (32)
Scrolls
 c - 5 scrolls of identify
 d - 5 scrolls of remove curse
 h - 5 scrolls of teleportation
 o - 2 scrolls of fear
 p - a scroll of immolation
 q - 3 scrolls of recharging
 u - a scroll of blinking
 v - a scroll of magic mapping
 x - a scroll of summoning {unknown}
 y - a scroll of noise {unknown}
 F - 2 scrolls of enchant armour {unknown}
 M - a scroll of enchant weapon
 O - a scroll of acquirement
 P - a scroll of vulnerability {unknown}
Potions
 f - a potion of brilliance
 j - 6 potions of curing
 k - 3 potions of haste
 l - 5 potions of heal wounds
 m - 2 potions of flight {unknown}
 s - 2 potions of might
 z - 3 potions of lignification {unknown}
 A - 2 potions of degeneration {unknown}
 G - 3 potions of ambrosia {unknown}
Books
 a - a book of Frost

   Spells                             Type                      Level
   a - Freeze                         Ice                          1
   b - Throw Frost                    Conjuration/Ice              2
   c - Ozocubu's Armour               Charms/Ice                   3
   d - Throw Icicle                   Conjuration/Ice              4
   e - Summon Ice Beast               Ice/Summoning                4
   f - Condensation Shield            Ice                          4
 D - a book of the Dragon

   Spells                             Type                      Level
   a - Flame Tongue                   Conjuration/Fire             1
   b - Cause Fear                     Hexes                        4
   c - Bolt of Fire                   Conjuration/Fire             6
   d - Dragon Form                    Transmutation                7
   e - Dragon's Call                  Summoning                    9
 K - a book of Cantrips

   Spells                             Type                      Level
   a - Corona                         Hexes                        1
   b - Animate Skeleton               Necromancy                   1
   c - Summon Small Mammal            Summoning                    1
   d - Apportation                    Translocation                1
Comestibles
 b - 7 bread rations
 B - 3 meat rations
 I - 9 slices of pizza
 J - 3 beef jerkies
 Q - 3 chunks of flesh


   Skills:
 - Level 2.0 Dodging
 - Level 2.6 Stealth
 + Level 6.3 Spellcasting
 + Level 8.9 Conjurations
 + Level 3.0 Summonings
 + Level 9.7 Ice Magic


You had 10 spell levels left.
You knew the following spells:

 Your Spells              Type           Power        Failure   Level  Hunger
a - Freeze                Ice            ####         1%          1    None
b - Throw Frost           Conj/Ice       ######       1%          2    None
c - Throw Icicle          Conj/Ice       ######..     1%          4    ####...
d - Summon Ice Beast      Ice/Summ       #####...     10%         4    ####...


Dungeon Overview and Level Annotations

Branches:
Dungeon (8/15)             Temple (0/1) D:6            Lair (0/8) D:8

Altars:
Cheibriados
Dithmenos
Makhleb
Nemelex Xobeh
Okawaru
Ru
Sif Muna
Trog
Vehumet
Yredelemnul
Zin

Shops:
D:4 %%

Annotations:
D:5 Crazy Yiuf
D:7 exclusion: steam dragon


Innate Abilities, Weirdness & Mutations

You cannot wear most types of armour.
You are amphibious.
You can wear up to eight rings at the same time.
You can use your tentacles to constrict eight enemies at once.
Your skin changes colour to match your surroundings (Stealth).
Your rubbery body absorbs attacks (AC +1).


Message History

Casting: Throw Icicle
Confirm with . or Enter, or press ? or * to list all spells.
Aiming: Freeze
Press: ? - help, Shift-Dir - straight line, f/p - warg
Aim: a warg (heavily wounded)
You feel a surge of power!
You freeze the warg.
The warg is severely wounded.
The warg bites you!
You closely miss the warg.
The warg is severely wounded.
The warg bites you! The warg bites you but does no damage.
You closely miss the warg.
The warg is severely wounded.
The warg closely misses you.
You hit the warg.
The warg is severely wounded.
The warg bites you!
* * * LOW HITPOINT WARNING * * *
The warg bites you!
You die...

# #.# #.# #.# # #.# #.#
##.## #
#.###.#####...#### #
#................. #
#.........#...######
######
###.###.###...........
#..... .^......#
####.###### #.####
###.##### #.#### #.# #
#.# #รท.@.# #.# #.#
####h#### #.# #.# #.)..#
#.# #.# #.##.## #.####
#.# ###...## #.....
###.######### #.....#
######
..........).#####...h...#
###.#######.....#.......#
#.# #####......[....


You could see a warg.

Vanquished Creatures
  Pikel (D:6)
  An orc warrior (D:6)
  Sigmund (D:3)
  A human (D:7)
  A hog (D:7)
  A hippogriff (D:7)
  A warg (D:8)
  2 ice beasts (D:7)
  A phantom (D:7)
  2 black bears
  7 ogres
  A centaur (D:6)
  A big kobold (D:5)
  2 slaves (D:6)
  4 giant frogs
  5 crimson imps
  3 orc priests (D:8)
  3 hounds
  A centaur skeleton (D:8)
  2 giant frog zombies
  2 jellies
  Ijyb (D:2)
  An iron imp (D:7)
  3 iguanas
  7 orc wizards
  Terence (D:1)
  4 worker ants
  Robin (D:2)
  9 adders
  A gnoll (D:1)
  A shadow imp (D:5)
  3 adder skeletons
  5 worms
  7 giant geckos
  38 orcs
  4 ball pythons
  14 bats
  13 hobgoblins
  16 kobolds
  4 quokkas
  4 giant cockroaches
  5 giant newts
  2 gnoll zombies (D:3)
  18 goblins
  15 jackals
  A quokka skeleton (D:6)
  A quokka zombie (D:7)
  14 rats
236 creatures vanquished.

Vanquished Creatures (collateral kills)
  A hog (D:7)
  An ice beast (D:7)
  2 centaurs (D:7)
  A crimson imp (D:7)
  An iguana (D:8)
  2 sheep (D:7)
  An orc (D:7)
  A giant gecko skeleton (D:7)
10 creatures vanquished.

Vanquished Creatures (others)
  A slave (D:6)
  An ooze (D:2)
  A giant cockroach (D:6)
  A goblin (D:2)
4 creatures vanquished.

Grand Total: 250 creatures vanquished

Notes
Turn   | Place    | Note
--------------------------------------------------------------
     0 | D:1      | benitares the Octopode Ice Elementalist began the quest for the Orb.
     0 | D:1      | Reached XP level 1. HP: 11/11 MP: 3/3
   844 | D:1      | Reached XP level 2. HP: 17/17 MP: 3/5
   848 | D:1      | Learned a level 2 spell: Throw Frost
  1341 | D:1      | Reached skill level 4 in Ice Magic
  1370 | D:1      | Reached XP level 3. HP: 19/21 MP: 1/6
  2426 | D:2      | Noticed Terence
  3001 | D:1      | Killed Terence
  3001 | D:1      | Reached XP level 4. HP: 19/27 MP: 2/7
  3413 | D:2      | Noticed Robin
  3628 | D:2      | Reached skill level 5 in Ice Magic
  3692 | D:2      | Reached XP level 5. HP: 29/31 MP: 3/8
  3960 | D:2      | Killed Robin
  4094 | D:2      | Noticed Ijyb
  4167 | D:2      | Killed Ijyb
  4770 | D:2      | Found a deep blue altar of Sif Muna.
  4873 | D:3      | Found a bloodstained altar of Trog.
  4906 | D:3      | Found a glowing drain.
  4907 | D:3      | Noticed Sigmund
  4940 | D:3      | Noticed an ogre
  4948 | Sewer    | Entered a sewer
  5021 | Sewer    | Noticed a crocodile
  5632 | D:4      | Found a radiant altar of Vehumet.
  5640 | D:4      | Became a worshipper of Vehumet
  5787 | D:4      | Found Lakhunis's Food Boutique.
  5927 | D:4      | Found Ofikluots's Food Boutique.
  6096 | D:4      | Reached XP level 6. HP: 15/36 MP: 2/9
  7183 | D:4      | Found a sacrificial altar of Ru.
  7314 | D:5      | Entered Level 5 of the Dungeon
  7331 | D:5      | Reached skill level 6 in Ice Magic
  7500 | D:5      | Reached XP level 7. HP: 31/41 MP: 10/10
  8193 | D:5      | Learned a level 4 spell: Throw Icicle
  8242 | D:4      | Reached skill level 5 in Conjurations
  8481 | D:4      | Reached * piety under Vehumet
  8481 | D:4      | Offered knowledge of Magic Dart by Vehumet.
  8640 | D:5      | Reached skill level 7 in Ice Magic
  8666 | D:5      | Found a shadowy altar of Dithmenos.
  8725 | D:5      | Reached XP level 8. HP: 46/46 MP: 3/11
  8917 | D:6      | Found a staircase to the Ecumenical Temple.
  9411 | D:5      | Noticed Crazy Yiuf
 10026 | D:6      | Noticed Pikel
 10190 | D:6      | Killed Pikel
 10190 | D:6      | Reached skill level 8 in Ice Magic
 10190 | D:6      | Reached XP level 9. HP: 51/51 MP: 1/15
 10977 | D:6      | Found a burning altar of Makhleb.
 11733 | D:3      | Killed Sigmund
 11733 | D:3      | Reached skill level 5 in Spellcasting
 11733 | D:3      | Reached skill level 9 in Ice Magic
 11907 | D:3      | Reached ** piety under Vehumet
 11962 | D:3      | Offered knowledge of Sandblast by Vehumet.
 12330 | D:3      | Found a basalt altar of Yredelemnul.
 12719 | D:7      | Found a snail-covered altar of Cheibriados.
 12931 | D:7      | Learned a level 4 spell: Summon Ice Beast
 12967 | D:7      | Offered knowledge of Searing Ray by Vehumet.
 13180 | D:7      | Reached skill level 1 in Summonings
 13441 | D:7      | Found a sparkling altar of Nemelex Xobeh.
 13682 | D:7      | Found a shadowy altar of Dithmenos.
 13694 | D:7      | Reached XP level 10. HP: 40/56 MP: 18/18
 13971 | D:7      | Reached *** piety under Vehumet
 14304 | D:7      | Found a glowing silver altar of Zin.
 14772 | D:7      | Identified a scroll of acquirement
 15066 | D:8      | Found an iron altar of Okawaru.
 15198 | D:8      | Offered knowledge of Olgreb's Toxic Radiance by Vehumet.
 15586 | D:8      | Found a staircase to the Lair.
 15663 | D:8      | Slain by a warg

Vault maps used:
D:1:      dpeg_arrival_chase, minmay_strange_pillars, minmay_crystal_room
D:2:      lemuel_blue_sif_altar, uniq_iyjb, uniq_robin, uniq_terence
D:3:      lemuel_zombie_altar_yredelemnul, bloody_trog, portal_sewer_entry_a,
          grunt_decor_fettered, serial_bayou_pond_c, uniq_sigmund
D:4:      lemuel_doored_altar, lemuel_coloured_pillars_altar, serial_shops,
          shop, shop, minmay_misc_feat_room
D:5:      first_bread, nicolae_dithmenos_the_darkroom, uniq_crazy_yiuf_cottage
D:6:      lightli_temple_of_fire, uniq_pikel
D:7:      kennysheep_steamy, nicolae_overflow_crystal_walls, zin_scriptorium,
          nemelex_xobeh_ov_fountains_minmay, slow_altar_2, grunt_livestock,
          minmay_misc_feat_pillars
D:8:      kennysheep_okawaru_gauntlet, gammafunk_temple_overflow_elements,
          erik_lair_orcish_takeover, enter_bailey_2
Sewer:    sewer_big_baddie

Action                   |  1- 3 |  4- 6 |  7- 9 | 10-12 || total
-------------------------+-------+-------+-------+-------++-------
Melee: Unarmed           |    29 |    80 |   218 |       ||   327
       Short sword       |       |     2 |       |       ||     2
       Staff             |       |       |    12 |    53 ||    65
 Cast: Freeze            |    51 |    85 |    56 |     6 ||   198
       Throw Frost       |    10 |    22 |    13 |     2 ||    47
       Throw Icicle      |       |       |    55 |    37 ||    92
       Summon Ice Beast  |       |       |     8 |     4 ||    12
  Use: Potion            |       |     2 |     3 |       ||     5
       Scroll            |       |    11 |     1 |    10 ||    22
 Stab: Sleeping          |     3 |    11 |     7 |     1 ||    22
       Distracted        |       |       |     1 |     1 ||     2
  Eat: Chunk             |     7 |    12 |    23 |    11 ||    53
       Meat ration       |       |     1 |     1 |       ||     2
       Bread ration      |       |       |     1 |       ||     1
